 Dungeon Sprint DCSS version 0.17.1-1-g73c8601 (webtiles) character file.

2634 Garfong the Arsonist (level 9, -7/68 HPs)
             Began as a Naga Fire Elementalist on Oct 31, 2016.
             Was the Champion of Vehumet.
             Mangled by a merfolk
             ... wielding a +0 trident
              (18 damage)
             ... in the Dungeon (Sprint V: "Ziggurat Sprint").
             The game lasted 00:15:51 (999 turns).

Garfong the Arsonist (Naga Fire Elementalist)        Turns: 999, Time: 00:15:51

Health: -7/68      AC:  8    Str: 11    XL:     9   Next: 61%
Magic:  5/21       EV: 10    Int: 18    God:    Vehumet [******]
Gold:   0          SH:  9    Dex: 22    Spells: 3 memorised, 2 levels left

rFire  . . .     SeeInvis +     N - +5 demon whip (slash)
rCold  . . .     Clarity  .     U - +0 mottled dragon armour "Vebaufu" {rElec Dex+4} (curse)
rNeg   + . .     SustAt   .     y - +3 buckler
rPois  +         Gourm    .     (no helmet)
rElec  +         Spirit   .     (no cloak)
rCorr  .         Warding  .     (no gloves)
rMut   .         NoTele   +     (no barding)
MR     +....                    (no amulet)
Stlth  ++........               O - ring of Oreaso {rPois rN+ MP+9 Stlth-}
                                H - +6 ring of dexterity

@: very slightly contaminated, invisible, very slow, somewhat resistant to
hostile enchantments, unstealthy
A: see invisible, deformed body, poison resistance, slowness 2, slow metabolism
1, spit poison 2, AC +3
a: Spit Poison, Renounce Religion


You were in the Dungeon.
You worshipped Vehumet.
Vehumet was exalted by your worship.
You were near starving.

You visited 1 branch

Inventory:

Hand Weapons
 N - a +5 demon whip of slashing (weapon)
 Q - the +3 Elemental Staff {rElec rF++ rC++ MR++ AC+5}
   (You took it off an orc priest in the Dungeon)

   It affects your AC (+5).
   It greatly protects you from fire.
   It greatly protects you from cold.
   It insulates you from electricity.
   It affects your resistance to hostile enchantments.
Armour
 a - a +0 robe
 y - a +3 buckler (worn)
 z - a +5 fire dragon armour
 A - a +5 ice dragon armour
 P - a +2 troll leather armour
 U - the cursed +0 mottled dragon armour "Vebaufu" (worn) {rElec Dex+4}
   (You found it in the Dungeon)

   It affects your dexterity (+4).
   It insulates you from electricity.
   It has a curse placed upon it.
Magical Staves
 F - an uncursed staff of energy
 X - an uncursed staff of wizardry
Jewellery
 H - a +6 ring of dexterity (left hand)
 I - a +6 ring of dexterity
 J - a +6 ring of intelligence
 K - a +6 ring of intelligence
 L - a +6 ring of strength
 M - a +6 ring of strength
 O - the ring of Oreaso (right hand) {rPois rN+ MP+9 Stlth-}
   (You found it in the Dungeon)

   [ring of magical power]

   It protects you from poison.
   It protects you from negative energy.
   It affects your magic capacity (+9).
   It makes you less stealthy.
Wands
 B - a wand of disintegration (7)
 C - a wand of fire (5)
 D - a wand of cold (5)
 E - a wand of draining (5)
Scrolls
 i - 2 scrolls of blinking
 p - 4 scrolls of amnesia
 q - 3 scrolls of recharging
 r - 7 scrolls of fog
 s - a scroll of holy word
 t - 5 scrolls of identify
 u - 5 scrolls of remove curse
 v - a scroll of fear
Potions
 d - 9 potions of curing
 f - 4 potions of haste
 g - 7 potions of magic
 h - a potion of berserk rage
 j - 2 potions of brilliance
 k - a potion of invisibility
 l - 4 potions of resistance
 n - 5 potions of agility
 o - 5 potions of might
Books
 b - a book of Flames

   Spells                             Type                      Level
   a - Flame Tongue                   Conjuration/Fire             1
   b - Throw Flame                    Conjuration/Fire             2
   c - Conjure Flame                  Conjuration/Fire             3
   d - Inner Flame                    Hexes/Fire                   3
   e - Sticky Flame                   Conjuration/Fire             4
   f - Fireball                       Conjuration/Fire             5
 m - the Reference Book on Unholy Rituals
   (You found it in the Dungeon)

   Spells                             Type                      Level
   a - Pain                           Necromancy                   1
   b - Sublimation of Blood           Necromancy                   2
   c - Regeneration                   Charms/Necromancy            3
   d - Animate Dead                   Necromancy                   4
   e - Bolt of Draining               Conjuration/Necromancy       5
 R - the Compendium of Orientation
   (You found it in the Dungeon)

   Spells                             Type                      Level
   a - Apportation                    Translocation                1
   b - Portal Projectile              Translocation                3
   c - Summon Forest                  Summoning/Translocation      5
 V - a book of Alchemy

   Spells                             Type                      Level
   a - Sublimation of Blood           Necromancy                   2
   b - Ignite Poison                  Fire/Transmutation/Poison    3
   c - Alistair's Intoxication        Transmutation/Poison         4
   d - Condensation Shield            Ice                          4
   e - Petrify                        Transmutation/Earth          4
   f - Irradiate                      Conjuration/Transmutation    5
 W - the Almanac of Transformation
   (You found it in the Dungeon)

   Spells                             Type                      Level
   a - Beastly Appendage              Transmutation                1
   b - Stoneskin                      Transmutation/Earth          2
   c - Sticks to Snakes               Transmutation                2
   d - Ice Form                       Ice/Transmutation            4
Miscellaneous
 G - a crystal ball of energy
 T - a stone of tremors
Comestibles
 c - 5 bread rations
 w - 42 fruits
 x - 4 meat rations
 S - 7 chunks of flesh


   Skills:
 - Level 12.6 Maces & Flails
 - Level 8.7 Armour
 - Level 1.5 Dodging
 - Level 3.0 Stealth
 - Level 2.8 Shields
 - Level 2.0 Spellcasting
 + Level 3.2 Conjurations
 + Level 13.4 Fire Magic


You had 2 spell levels left.
You knew the following spells:

 Your Spells              Type           Power        Failure   Level  Hunger
a - Flame Tongue          Conj/Fire      ####.        1%          1    #......
d - Sticky Flame          Conj/Fire      ####....     3%          4    #####..
e - Fireball              Conj/Fire      ####......   8%          5    ######.


Dungeon Overview and Level Annotations

Branches:
Dungeon (1/1)

Altars:
Ashenzari
Cheibriados
Dithmenos
Elyvilon
Fedhas
Gozag
Kikubaaqudgha
Makhleb
Nemelex Xobeh
Okawaru
Qazlal
Ru
Sif Muna
Trog
Vehumet
Xom
Yredelemnul
Zin
The Shining One
Beogh
Jiyva
Lugonu


Innate Abilities, Weirdness & Mutations

You cannot wear boots.
Your serpentine skin is tough (AC +3).
You have supernaturally acute eyesight.
Armour fits poorly on your strangely shaped body.
Your system is resistant to poisons.
You cover ground very slowly.
You have a slow metabolism.
You can spit poison.


Message History

You fade into invisibility!
Casting: Fireball
Confirm with . or Enter, or press ? or * to list all spells.
Okay, then.
Unknown command.
Unknown command.
Drink which item? (? for menu, Esc to quit)
You feel better. You block the merfolk's attack.
The merfolk hits you but does no damage.
You hit the merfolk.
The merfolk is moderately wounded.
The merfolk closely misses you.
You hit the merfolk but do no damage.
The merfolk is moderately wounded.
You barely miss the merfolk.
The merfolk is moderately wounded.
You whack the merfolk!
The merfolk is heavily wounded.
The merfolk hits you with a trident!!
You die...

▓▓▓▓▓▓▓▓▓▓▓▓▓▓▓▓▓▓▓
▓...8©8...▓..8©8..▓
▓...!.)...▓...)[..▓
▓...[[[...▓..)"...▓
▓.........▓.......▓
▓...†.....▓.......▓
▓.........▓.......▓
▓...m)....▓...))..▓
▓.▓@.(.(▓.▓.▓...▓.▓
▓....(....▓.......▓
▓▓▓▓▓▓▓▓▓▓▓▓▓▓▓▓▓▓▓
▓..8©8..▓ ▓..[.[..▓
▓.......▓ ▓.......▓
▓.......▓ ▓.......▓


You could see a merfolk.

Vanquished Creatures
  A cyclops (D)
  A black mamba (D)
  2 merfolk (D)
  2 spriggans (D)
  A yak (D)
  A hippogriff (D)
  A wolf (D)
  2 nagas (D)
  2 black bears (D)
  A water moccasin (D)
  3 centaurs (D)
  3 orc priests (D)
  5 sheep (D)
  2 adders (D)
  An orc (D)
  3 ball pythons (D)
31 creatures vanquished.

Notes
Turn   | Place    | Note
--------------------------------------------------------------
     0 | D        | Garfong the Naga Fire Elementalist began the quest for the Orb.
     0 | D        | Reached XP level 1. HP: 15/15 MP: 3/3
     0 | D        | Found an iron altar of Okawaru.
     0 | D        | Found a burning altar of Makhleb.
     0 | D        | Found a radiant altar of Vehumet.
     0 | D        | Found a deep blue altar of Sif Muna.
     0 | D        | Found a shimmering altar of Xom.
     1 | D        | Found a roughly hewn altar of Beogh.
     1 | D        | Found a corrupted altar of Lugonu.
     1 | D        | Found a viscous altar of Jiyva.
     1 | D        | Found a white marble altar of Elyvilon.
     1 | D        | Found a sparkling altar of Nemelex Xobeh.
     1 | D        | Found a bloodstained altar of Trog.
    54 | D        | Became a worshipper of Vehumet
    59 | D        | Reached skill level 7 in Maces & Flails
    59 | D        | Reached XP level 2. HP: 22/22 MP: 5/5
    60 | D        | Entered arena 1.
    60 | D        | Noticed a wolf
    60 | D        | Noticed a yak
    71 | D        | Killed a wolf
    71 | D        | Reached skill level 1 in Shields
    71 | D        | Reached skill level 8 in Fire Magic
    71 | D        | Reached XP level 3. HP: 28/28 MP: 6/6
    71 | D        | Reached XP level 4. HP: 36/36 MP: 7/7
    71 | D        | Reached XP level 5. HP: 42/42 MP: 8/8
    73 | D        | Killed a yak
    73 | D        | Reached skill level 10 in Maces & Flails
    73 | D        | Reached XP level 6. HP: 48/49 MP: 9/9
   163 | D        | Entered arena 2.
   163 | D        | Noticed a water moccasin
   167 | D        | Killed a water moccasin
   167 | D        | Reached * piety under Vehumet
   167 | D        | Offered knowledge of Freeze by Vehumet.
   167 | D        | Reached skill level 11 in Maces & Flails
   182 | D        | Identified the Compendium of Moulding (You found it in the Dungeon)
   212 | D        | Entered arena 3.
   212 | D        | Noticed a black bear
   212 | D        | Noticed a spriggan
   212 | D        | Noticed a spriggan
   212 | D        | Noticed a black bear
   226 | D        | Killed a spriggan
   226 | D        | Reached ** piety under Vehumet
   226 | D        | Reached skill level 12 in Maces & Flails
   226 | D        | Reached XP level 7. HP: 34/55 MP: 10/10
   227 | D        | Killed a black bear
   229 | D        | Killed a black bear
   229 | D        | Reached skill level 10 in Fire Magic
   234 | D        | Killed a spriggan
   495 | D        | Identified the Reference Book on Unholy Rituals (You found it in the Dungeon)
   498 | D        | Got the ring of Oreaso {rPois rN+ MP+9 Stlth-}
   559 | D        | Entered arena 4.
   559 | D        | Noticed an orc priest
   559 | D        | Noticed an orc priest
   559 | D        | Noticed an orc priest
   561 | D        | Offered knowledge of Sting by Vehumet.
   566 | D        | Killed an orc priest
   566 | D        | Reached *** piety under Vehumet
   566 | D        | Reached skill level 1 in Armour
   568 | D        | Killed an orc priest
   568 | D        | Reached XP level 8. HP: 60/62 MP: 11/11
   571 | D        | Killed an orc priest
   579 | D        | Identified the Compendium of Orientation (You found it in the Dungeon)
   586 | D        | Learned a level 4 spell: Sticky Flame
   592 | D        | Learned a level 5 spell: Fireball
   592 | D        | Entered arena 5.
   592 | D        | Noticed a merfolk
   592 | D        | Noticed a merfolk
   592 | D        | Noticed a merfolk
   592 | D        | Noticed a merfolk
   592 | D        | Noticed a merfolk
   603 | D        | Entered arena 6.
   603 | D        | Noticed a naga
   603 | D        | Noticed a naga
   603 | D        | Noticed a black mamba
   609 | D        | Killed a black mamba
   609 | D        | Reached skill level 5 in Armour
   613 | D        | Reached **** piety under Vehumet
   622 | D        | Killed a naga
   630 | D        | Killed a naga
   821 | D        | Entered arena 7.
   821 | D        | Noticed a centaur
   821 | D        | Noticed a centaur
   821 | D        | Noticed a merfolk
   826 | D        | Offered knowledge of Mephitic Cloud by Vehumet.
   826 | D        | Reached ***** piety under Vehumet
   832 | D        | Killed a centaur
   835 | D        | Killed a centaur
   852 | D        | Killed a merfolk
   852 | D        | Reached XP level 9. HP: 51/68 MP: 12/12
   858 | D        | Got the cursed +0 mottled dragon armour "Vebaufu" {rElec Dex+4}
   872 | D        | Identified the Almanac of Transformation (You found it in the Dungeon)
   958 | D        | Entered arena 8.
   958 | D        | Noticed a centaur
   958 | D        | Noticed a cyclops
   958 | D        | Noticed a merfolk
   958 | D        | Noticed a merfolk
   958 | D        | Noticed a hippogriff
   970 | D        | Killed a merfolk
   979 | D        | Killed a centaur
   979 | D        | HP: 2/68 [hippogriff (3)]
   982 | D        | Killed a cyclops
   982 | D        | Reached ****** piety under Vehumet
   982 | D        | Reached skill level 13 in Fire Magic
   986 | D        | Killed a hippogriff
   999 | D        | Mangled by a merfolk

Action                   |  1- 3 |  4- 6 |  7- 9 || total
-------------------------+-------+-------+-------++-------
Melee: Demon whip        |     8 |    20 |    83 ||   111
 Cast: Flame Tongue      |       |       |     4 ||     4
       Fireball          |       |       |     5 ||     5
 Abil: Spit Poison       |     1 |     2 |     4 ||     7
  Use: Potion            |     3 |     1 |    13 ||    17
       Scroll            |       |     1 |     3 ||     4
  Eat: Chunk             |       |       |     2 ||     2
